AoeStats
← NuMa | Gacha

Nomad

508679477Analyzed
2v2 RM · 10d ago on Sep 23, 2026· 38m 31s· 4 players
Game mode
Random Map
Map size
176×176
Population
200
Speed
Normal
Resources
Standard
Victory
Conquest
Starting age
Dark Age
Ending age
Imperial Age
RankedLock teamsTeams togetherTeam positionsShared explorationLock speedFull tech treeHidden civsTurbo modeCheats
Victory
Defeat
🇨🇴 Wei · Colombia
1084
+14
🇻🇪 Teutons · Venezuela
1064
+15
🇨🇳 Poles · China
1069
-16
🇹🇼 Persians · Taiwan
1006
-13
landaetajesus468
5:59 Loom
17:08 Feudal Age
17:39 Double-Bit Axe
18:02 Man-at-Arms
19:58 Wheelbarrow
19:05 Horse Collar
21:07 Stone Mining
25:15 Castle Age
28:52 Bow Saw
28:43 Heavy Plow
37:05 Imperial Age
34:53 Hand Cart
36:02 Town Watch
37:50 Town Patrol
37:12 Cavalier
38:01 Spies/Treason
NuMa | Gacha
4:33 Loom
14:37 Feudal Age
19:28 Castle Age
21:12 Double-Bit Axe
24:01 Forging
24:50 Pikeman
26:11 Stone Mining
27:48 Fletching
29:20 Gold Mining
32:58 Stone Shaft Mining
33:22 Gold Shaft Mining
34:15 Scale Barding Armor
34:47 Iron Casting
40:14 Imperial Age
先打我隊友
8:32 Loom
14:34 Feudal Age
17:09 Fishing Lines
19:17 Forging
22:27 Castle Age
20:25 Gold Mining
21:06 Double-Bit Axe
21:38 Bloodlines
29:52 Husbandry
31:06 Wheelbarrow
32:40 Pikeman
33:20 Squires
XGFC
Connection lost

Rejoining the realm…

Still unreachable

The connection could not be restored.

Session expired

The server has moved on; the page needs a fresh start.